 Dungeon Crawl Stone Soup version 0.24.0-13-gcf9b3192b9 (webtiles) character file.

Game seed: 18192988595724782888, levelgen mode: deterministic

5408 Kobob the Basher (level 10, -14/96 HPs)
             Began as a Troll Fighter on Nov 7, 2019.
             Was an Elder of Okawaru.
             Demolished by a white ugly thing (52 damage)
             ... on level 9 of the Dungeon on Nov 8, 2019.
             The game lasted 00:38:27 (7002 turns).

Kobob the Basher (Troll Fighter)                    Turns: 7002, Time: 00:38:32

Health: -14/96     AC: 14    Str: 35    XL:     10   Next: 40%
Magic:  9/9        EV:  8    Int:  4    God:    Okawaru [****..]
Gold:   427        SH: 10    Dex:  9    Spells: 9/9 levels left

rFire    + + .     SeeInvis .   s - +1 flail (protect)
rCold    x . .     Gourm    +   b - +0 shield
rNeg     . . .     Faith    .   e - +1 fire dragon scales
rPois    .         Spirit   .   (helmet restricted)
rElec    .         Reflect  .   (no cloak)
rCorr    .         Harm     .   (gloves unavailable)
MR       +....                  (boots unavailable)
Stlth    ..........             (no amulet)
HPRegen  0.66/turn              B - ring of protection from magic
MPRegen  0.11/turn              D - +6 ring of strength

@: no status effects
A: large, unfitting armour, claws 3, fast metabolism 3, gourmand, regeneration
1, shaggy fur 1, tough skin 3
a: Heroism, Renounce Religion


You were on level 9 of the Dungeon.
You worshipped Okawaru.
Okawaru was greatly pleased with you.
You were completely stuffed.

You visited 2 branches of the dungeon, and saw 10 of its levels.
You also visited: Sewer.

You collected 427 gold pieces.

Inventory:

Hand Weapons
 q - a +0 war axe
 s - a +1 flail of protection (weapon)
Missiles
 A - an atropa-tipped dart (quivered)
 G - 3 javelins
Armour
 a - a +0 robe
 b - a +0 shield (worn)
 e - +1 fire dragon scales (worn)
 t - a +0 large shield
Jewellery
 n - an uncursed ring of wizardry
 u - a +5 amulet of reflection {unknown}
 B - a ring of protection from magic (left claw)
 C - an uncursed amulet of rage
 D - a +6 ring of strength (right claw)
 F - an uncursed ring of poison resistance {unknown}
Wands
 g - a wand of digging (2)
 o - a wand of iceblast (1)
 y - a wand of paralysis (7)
Scrolls
 k - a scroll of holy word
 l - a scroll of blinking
 z - 2 scrolls of enchant armour
Potions
 c - 5 potions of might
 h - a potion of ambrosia {unknown}
 i - 8 potions of curing
 j - a potion of mutation
 m - 3 potions of berserk rage
 p - 2 potions of heal wounds
 r - a potion of cancellation {unknown}
 v - 5 potions of brilliance
 w - a potion of agility
 x - 2 potions of flight
 E - a potion of magic {unknown}
 I - a potion of degeneration {unknown}
Comestibles
 d - 11 rations


   Skills:
 + Level 5.1 Fighting
 + Level 0.2(4.4) Axes
 + Level 8.0 Maces & Flails
 + Level 2.5 Throwing
 + Level 4.8 Armour
 + Level 4.7 Dodging
 + Level 3.9 Shields
 - Level 7.4 Unarmed Combat


You had 9 spell levels left.
You didn't know any spells.
Your spell library contained the following spells:

 Spells                   Type           Power        Failure   Level  Hunger
 Corona                   Hex            #......      98%         1    ##.....
 Slow                     Hex            #.......     99%         2    ###....
 Inner Flame              Hex/Fire       #.......     100%        3    ####...
 Portal Projectile        Hex/Tloc       #.....       100%        3    ####...
 Cause Fear               Hex            #.........   100%        4    #####..
 Leda's Liquefaction      Hex/Erth       #.........   100%        4    #####..


Dungeon Overview and Level Annotations

Branches:
Dungeon (9/15)             Temple (1/1) D:5           Sewer (visited)
   Lair: D:8-11         Orc: D:9-12

Altars:
Ashenzari
Cheibriados
Dithmenos
Elyvilon
Fedhas
Gozag
Kikubaaqudgha
Makhleb
Nemelex Xobeh
Okawaru
Qazlal
Ru
Sif Muna
Trog
Uskayaw
Vehumet
Wu Jian
Xom
Yredelemnul
Zin
The Shining One

Shops:
D:5 (   D:7 :   D:9 [


Innate Abilities, Weirdness & Mutations

You are too large for most types of armour.
You have claws for hands.
Your metabolism is lightning-fast.
You like to eat raw meat.
Your natural rate of healing is unusually fast.
You are covered in fur. (AC +1)
You have extremely tough skin. (AC +3)


Message History

The white ugly thing gores you. The white ugly thing freezes you!!!
You feel a terrible chill!
Throwing (i - inventory. (/) - cycle)
H - 2 large rocks (quivered)
Press: ? - help, Shift-Dir - straight line, f/p - white ugly thing
Aim: a white ugly thing (lightly wounded)
You throw a large rock.
The large rock hits the white ugly thing!
The white ugly thing is moderately wounded.
You block the white ugly thing's attack.
The white ugly thing gores you but does no damage.
Throwing (i - inventory. (/) - cycle)
H - a large rock (quivered)
Press: ? - help, Shift-Dir - straight line, f/p - white ugly thing
Aim: a white ugly thing (moderately wounded)
You throw a large rock.
The large rock hits the white ugly thing.
The white ugly thing is moderately wounded.
The white ugly thing gores you! The white ugly thing freezes you!!!
You feel a terrible chill!
Ouch! That really hurt!
You die...

.. .. #[ #
#.#######>#
#.#(..u@..#
#.#(#######
##### ##+#'#.#
....# #......#
....#
#......######..
....#
#......'.......
....#
#......######..
....# #......#
.#### #......#


You could see a white ugly thing.

Vanquished Creatures
  The ghost of Shaidar the Cleaver, a novice HOFi of Beogh (D:7)
  A troll (D:9)
  4 hippogriffs
  3 yaks (D:9)
  2 hungry ghosts
  A sky beast (D:9)
  2 black bears (D:9)
  An ice beast (D:8)
  4 orc warriors
  2 phantoms (D:7)
  2 centaurs
  A crocodile (D:8)
  6 bullfrogs
  A big kobold (Sewer)
  2 scorpions
  A wyvern skeleton (D:9)
  A water moccasin zombie (D:6)
  4 killer bees (D:9)
  A howler monkey (D:7)
  3 crimson imps
  5 hounds
  2 jellies
  2 bullfrog skeletons
  4 orc priests
  4 iguanas
  4 orc wizards
  4 centaur skeletons
  6 worker ants
  A hound skeleton (D:5)
  A howler monkey skeleton (D:7)
  12 adders
  8 river rats
  A shadow imp (D:5)
  An adder skeleton (D:8)
  A worm (D:2)
  2 dart slugs (D:1)
  4 leopard geckos
  25 orcs
  6 ball pythons
  5 giant cockroaches
  4 goblins
  6 hobgoblins
  3 jackals (D:3)
  3 quokkas
  5 bats
  16 frilled lizards
  A giant cockroach zombie (D:5)
  21 kobolds
  A leopard gecko skeleton (D:4)
  A quokka skeleton (D:8)
  28 rats
230 creatures vanquished.

Vanquished Creatures (others)
  An orc (D:3)
1 creature vanquished.

Grand Total: 231 creatures vanquished

Notes
Turn   | Place    | Note
-------+----------+-------------------------------------------
     0 | D:1      | Kobob the Troll Fighter began the quest for the Orb.
     0 | D:1      | Reached XP level 1. HP: 22/22 MP: 0/0
   137 | D:1      | Reached XP level 2. HP: 27/29 MP: 1/1
   821 | D:2      | Reached XP level 3. HP: 36/36 MP: 2/2
   847 | D:2      | Noticed a +0 hand axe
   847 | D:2      | Noticed a +0 hand axe
   850 | D:2      | Found a hide-covered altar of Uskayaw.
   973 | D:2      | Found a stormy altar of Qazlal.
   973 | D:2      | Found a bloodstained altar of Trog.
  1005 | D:2      | Found an ancient bone altar of Kikubaaqudgha.
  1272 | D:3      | Reached XP level 4. HP: 24/44 MP: 3/3
  1400 | D:3      | Found an opulent altar of Gozag.
  1400 | D:3      | Found a glowing silver altar of Zin.
  1489 | D:3      | Reached XP level 5. HP: 50/50 MP: 4/4
  2105 | D:3      | Reached skill level 1 in Armour
  2105 | D:3      | Reached skill level 5 in Unarmed Combat
  2177 | D:4      | You fall into a shaft and drop 1 floor!
  2177 | D:5      | Entered Level 5 of the Dungeon
  2212 | D:5      | Reached XP level 6. HP: 52/59 MP: 5/5
  2225 | D:5      | Found a staircase to the Ecumenical Temple.
  2258 | Temple   | Entered the Ecumenical Temple
  2513 | Temple   | Became a worshipper of Warmaster Okawaru
  2561 | D:5      | Found a glowing drain.
  2581 | Sewer    | Entered a sewer
  2871 | Sewer    | Reached skill level 1 in Maces & Flails
  3051 | Sewer    | Reached XP level 7. HP: 64/66 MP: 6/6
  3285 | D:5      | Found Hisekk's Weapon Shop.
  3318 | D:5      | Reached skill level 2 in Maces & Flails
  3425 | D:5      | Reached * piety under Okawaru
  3535 | D:5      | Reached skill level 3 in Maces & Flails
  3932 | D:6      | Reached XP level 8. HP: 66/75 MP: 7/7
  3968 | D:6      | Reached skill level 4 in Maces & Flails
  4042 | D:6      | Noticed a hippogriff
  4055 | D:6      | Killed a hippogriff
  4055 | D:6      | Reached ** piety under Okawaru
  4728 | D:7      | Reached skill level 5 in Maces & Flails
  4850 | D:7      | Found Guodef Vapru's Book Shoppe.
  4875 | D:7      | Found a runed translucent gate.
  4875 | D:7      | Found a runed translucent gate.
  5071 | D:7      | Noticed Shaidar's ghost (novice HOFi)
  5072 | D:7      | Found a runed translucent gate.
  5257 | D:7      | Reached XP level 9. HP: 83/84 MP: 8/8
  5451 | D:7      | Killed Shaidar's ghost
  5451 | D:7      | Reached *** piety under Okawaru
  5451 | D:7      | Reached skill level 6 in Maces & Flails
  5699 | D:7      | Reached skill level 1 in Throwing
  5876 | D:8      | Found a shimmering altar of Xom.
  5876 | D:8      | Found a shimmering altar of Xom.
  5876 | D:8      | Found a shimmering altar of Xom.
  5878 | D:8      | Found a shimmering altar of Xom.
  5975 | D:8      | Reached skill level 7 in Maces & Flails
  5977 | D:8      | Found a burning altar of Makhleb.
  6063 | D:8      | Found a shimmering altar of Xom.
  6063 | D:8      | Found a shimmering altar of Xom.
  6066 | D:8      | Found a shimmering altar of Xom.
  6066 | D:8      | Found a shimmering altar of Xom.
  6201 | D:8      | Found a sacrificial altar of Ru.
  6252 | D:9      | Noticed a troll
  6258 | D:9      | Received a gift from Okawaru
  6258 | D:9      | Reached XP level 10. HP: 89/94 MP: 9/9
  6262 | D:9      | Reached skill level 5 in Fighting
  6369 | D:9      | Reached **** piety under Okawaru
  6631 | D:9      | Received a gift from Okawaru
  6802 | D:9      | Found Keofawk's Armour Boutique.
  6858 | D:9      | Reached skill level 8 in Maces & Flails
  6992 | D:9      | Noticed a white ugly thing
  7002 | D:9      | Demolished by a white ugly thing

Levels and vault maps discovered:
D:1:      dpeg_arrival_ternary, layout_basic, chequers_arboretum
D:2:      layout_rooms, dancing_weapons_uskayaw, old_standard_altar,
          gammafunk_temple_overflow_statue, first_ration,
          minmay_misc_feat_diagonals
D:3:      layout_loops_ring, grunt_temple_overflow_gold_and_silver,
          minmay_misc_feat_plants
D:4:      layout_gridville
D:5:      layout_rooms, temple_fountains, portal_sewer_entry_a, serial_shops,
          shop
D:6:      layout_basic, minmay_lizard_king
D:7:      layout_loops_ring, serial_rivers, chequers_serial_rivers_small_3,
          chequers_serial_rivers_micro_a, chequers_serial_rivers_micro_b,
          chequers_serial_rivers_micro_b, chequers_serial_rivers_micro_a,
          serial_shops, shop_fountains, ebering_ghost_rock_garden
D:8:      layout_rooms, overflow_temple_1_default, xom_shifter_show,
          nicolae_ru_path_of_blood
D:9:      layout_basic, kennysheep_mini, serial_shops, shop
Temple:   hc_temple_tempest_star

Skill      XL: |  1  2  3  4  5  6  7  8  9 10 |
---------------+-------------------------------+-----
Dodging        | 3 4 |  4.7
Unarmed Combat | 3 4 5 6 7 |  7.4
Armour         | 1 2 3 4 |  4.8
Maces & Flails | 1 3 5 7 8 |  8.0
Fighting       | 3 4 5 |  5.1
Throwing       | 1 2 |  2.5
Shields        | 3 |  3.9
Axes           | |  0.2

Action                   |  1- 3 |  4- 6 |  7- 9 | 10-12 || total
-------------------------+-------+-------+-------+-------++-------
Melee: Unarmed           |    92 |    96 |    27 |       ||   215
       War axe           |       |     8 |       |       ||     8
       Flail             |       |   185 |   419 |   115 ||   719
       Punch             |       |     4 |    15 |       ||    19
Throw: Stone             |       |       |     7 |       ||     7
       Large rock        |       |       |    17 |    28 ||    45
       Javelin           |       |       |       |    11 ||    11
       Dart              |       |       |       |     2 ||     2
Evoke: Wand              |       |       |     5 |       ||     5
  Use: Scroll            |       |     8 |    12 |       ||    20
  Eat: Chunk             |    17 |    17 |    29 |    15 ||    78
       Ration            |       |       |     2 |       ||     2
Armor: Fire dragon scale |    44 |   279 |   315 |    74 ||   712
       Robe              |     3 |       |       |       ||     3
Dodge: Dodged            |    26 |   212 |   179 |    39 ||   456
Block: Shield            |       |       |    66 |    82 ||   148
